 Dungeon Crawl Stone Soup version 0.29.0-13-gc9e81de378 (webtiles) character file.

Game seed: 5520856399788924219

154 Artool the Ducker (level 5, -5/61 HPs)
             Began as a Demonspawn Gladiator on Sept 7, 2022.
             Slain by an ogre
             ... wielding a +0 giant club
              (10 damage)
             ... on level 3 of the Dungeon.
             The game lasted 00:05:53 (3362 turns).

Artool the Ducker (Demonspawn Gladiator)            Turns: 3362, Time: 00:05:54

Health: -5/61      AC: 26    Str: 16    XL:     5   Next: 13%
Magic:  5/5        EV:  2    Int:  9    God:
Gold:   300        SH:  0    Dex: 15    Spells: 4/4 levels left

rFire   . . .      SeeInvis .   w - +0 whip
rCold   . . .      Faith    .   (no shield)
rNeg    . . .      Spirit   .   (body armour currently unavailable)
rPois   +          Reflect  .   (helmet currently unavailable)
rElec   .          Harm     .   (cloak currently unavailable)
rCorr   +          Rampage  .   (gloves currently unavailable)
Will    .....      NoTele   +   (boots currently unavailable)
Stlth   +.........              (no amulet)
HPRegen 0.20/turn               t - ring of resist corrosion
MPRegen 0.09/turn               x - +4 ring of protection

@: tree-form
A: stationary, stasis, torment immunity, boosted hp, powered by pain 3
a: no special abilities


You were on level 3 of the Dungeon.
You were a tree.
You visited 1 branch of the dungeon, and saw 4 of its levels.

You collected 300 gold pieces.

Inventory:

Hand Weapons
 a - a +0 flail
 w - a +0 whip (weapon)
Missiles
 d - 6 throwing nets (quivered)
 e - a javelin
 f - 6 silver javelins
 j - 4 atropa-tipped darts
Armour
 b - a +0 leather armour
 c - a +0 helmet (melded)
 h - a +0 pair of gloves (melded)
 q - a +0 chain mail (melded)
Jewellery
 t - a ring of resist corrosion (left branch)
 x - a +4 ring of protection (right branch)
Scrolls
 g - 3 scrolls of identify {unknown}
 i - 2 scrolls of fear {unknown}
 k - 2 scrolls of vulnerability {unknown}
 o - 2 scrolls of blinking {unknown}
 p - 5 scrolls of noise {unknown}
 s - a scroll of immolation {unknown}
 y - a scroll of enchant armour {unknown}
Potions
 m - a potion of magic {unknown}
 n - 2 potions of haste {unknown}
 r - 4 potions of curing {unknown}
 u - a potion of might {unknown}
 v - a potion of brilliance {unknown}


   Skills:
 + Level 3.1 Fighting
 + Level 3.4 Maces & Flails
 - Level 2.0 Throwing
 + Level 2.0 Armour
 + Level 3.4 Dodging


You had 4 spell levels left.
You didn't know any spells.
Your spell library contained the following spells:

 Spells                   Type           Power      Damage    Failure   Level
 Magic Dart               Conj           0%         1d3       38%         1
 Call Imp                 Summ           0%         N/A       52%         2
 Mephitic Cloud           Conj/Pois/Air  0%         N/A       77%         3


Dungeon Overview and Level Annotations

Branches:
Dungeon (4/15)
 Temple: D:4-7

Altars:
Ru
Uskayaw

Shops:
D:1 [


Innate Abilities, Weirdness & Mutations

You are a tree.
Your roots penetrate the ground, keeping you stationary.
You cannot be teleported.
You are immune to unholy pain and torment.
Your maximum health is greatly increased.
Your equipment is partially melded.
You are powered by pain.


Message History

Ouch! That really hurt!
The orc hits you with a +0 dagger.
* * * LOW HITPOINT WARNING * * *
You climb upwards.
There is a stone staircase leading down here.
The orc hits you but does no damage. The orc attacks as you move away!
The orc hits you but does no damage. The orc attacks as you move away!
The orc hits you but does no damage.
There is a glowing golden altar of the Shining One here.
You see here a +0 ring mail.
The orc attacks as you move away! The orc hits you with a +0 dagger.
* * * LOW HITPOINT WARNING * * *
You closely miss the orc. The orc hits you but does no damage.
It was a potion of lignification.
You turn into a tree.
Your +0 helmet melds into your body.
Your +0 pair of gloves melds into your body.
Your +0 chain mail melds into your body.
Your roots penetrate the ground.
The orc hits you but does no damage.
You closely miss the orc. The orc hits you but does no damage.
You hit the orc.
The orc is heavily wounded.
The orc hits you but does no damage.
You hit the orc.
You kill the orc!
You barely miss the ogre. The ogre hits you but does no damage.
You hit the ogre.
The ogre is lightly wounded.
The ogre hits you with a +0 giant club!
* * * LOW HITPOINT WARNING * * *
You closely miss the ogre.
The ogre is lightly wounded.
You barely miss the ogre.
The ogre is lightly wounded.
The ogre hits you but does no damage.
You hit the ogre.
The ogre is moderately wounded.
You hit the ogre but do no damage.
The ogre is moderately wounded.
The ogre hits you with a +0 giant club!
You die...

#....##..<#.#.#####.
#.....#.###.#.....#.
####.#.#.#)....#####.#.
#....._..####### #.#.
#....#[########### #.#.
#................# #.#.
######.#########.# #.#.
#O# #.# #.#. #♣#
#.###.#. #.# #.......
#.# #####.#. #.# #.#)
#.# #.#. #.# #.#.
#.#############.#.
#...............#.
#################.


You could see an ogre.

Vanquished Creatures
  3 orc wizards (D:3)
  An adder (D:3)
  A worm (D:2)
  A dart slug (D:3)
  11 orcs (D:3)
  2 ball pythons (D:1)
  3 bats
  7 endoplasms
  2 giant cockroaches (D:1)
  6 goblins
  3 hobgoblins
  4 quokkas
  A frilled lizard (D:2)
  A kobold (D:3)
  5 rats
51 creatures vanquished.

Notes
Turn   | Place    | Note
-------+----------+-------------------------------------------
     0 | D:1      | Artool the Demonspawn Gladiator began the quest for the
                  | Orb.
     0 | D:1      | Reached XP level 1. HP: 16/16 MP: 1/1
   411 | D:1      | Gained mutation: You sometimes gain a little power by
                  | taking damage. [demonic ancestry]
   411 | D:1      | Reached XP level 2. HP: 17/22 MP: 2/2
   904 | D:1      | Found a faded altar of an unknown god.
   906 | D:1      | Found Caid's Antique Armour Boutique.
  1460 | D:2      | Reached XP level 3. HP: 28/28 MP: 3/3
  1473 | D:2      | Reached skill level 1 in Armour
  1951 | D:3      | Gained mutation: You sometimes gain power by taking damage.
                  | [demonic ancestry]
  1951 | D:3      | Reached XP level 4. HP: 22/34 MP: 4/4
  2348 | D:4      | Noticed an ogre
  2823 | D:3      | Gained mutation: You are powered by pain. [demonic
                  | ancestry]
  2823 | D:3      | Reached XP level 5. HP: 39/41 MP: 5/5
  2920 | D:3      | Found a hide-covered altar of Uskayaw.
  3096 | D:3      | Found a sacrificial altar of Ru.
  3362 | D:3      | Slain by an ogre

Illustrated notes

Levels and vault maps discovered:
D:1:      onia_arrival_pentagram, layout_basic,
          dreamdust_ecumenical_altar_statues, serial_shops, shop_coins
D:2:      layout_loops_cross, chequers_serial_rivers_marsh,
          chequers_serial_rivers_room_a
D:3:      layout_basic, lemuel_crystal_altar,
          mainiacjoe_overflow_six_doors_small, nicolae_ru_the_path_less_chosen
D:4:      gammafunk_wand_slinger, layout_rooms, fedhas_altar_1,
          minmay_temple_entry_grid, serial_forest, infiniplex_forest_pool,
          infiniplex_forest_lined_corner, infiniplex_forest_clump_curved,
          infiniplex_forest_end_3, infiniplex_forest_side_room,
          infiniplex_forest_clump_small, infiniplex_forest_straight_2,
          infiniplex_forest_lined_3_way, minmay_goblin_kobold_house,
          uniq_duvessa, uniq_edmund

Skill      XL: |  1  2  3  4  5 |
---------------+----------------+-----
Throwing       | 2 |  2.0
Maces & Flails | 3 |  3.4
Armour         | 1 2 |  2.0
Dodging        | 3 |  3.4
Fighting       | 3 |  3.1

Action                   |  1- 3 |  4- 6 || total
-------------------------+-------+-------++-------
Melee: Flail             |    96 |    51 ||   147
       Whip              |       |    43 ||    43
       Punch             |       |     1 ||     1
  Use: Potion            |       |     1 ||     1
 Stab: Sleeping          |     1 |       ||     1
Armor: Leather armour    |    15 |       ||    15
       Chain mail        |    37 |    59 ||    96
       Skin              |       |     5 ||     5
Dodge: Dodged            |    41 |    20 ||    61
